 Dungeon Crawl Stone Soup version 0.23.2-1-ga50397a (webtiles) character file.

Game seed: 16845214893406071123

107 Fang the Skirmisher (level 4, -5/43 HPs)
             Began as a Gargoyle Berserker on Apr 24, 2019.
             Was a Follower of Trog.
             Slain by an iguana (7 damage)
             ... on level 4 of the Dungeon.
             The game lasted 00:02:31 (3289 turns).

Fang the Skirmisher (Gargoyle Berserker)            Turns: 3289, Time: 00:02:31

Health: -5/43      AC:  5    Str: 26    XL:     4   Next: 86%
Magic:  0/4        EV: 12    Int:  8    God:    Trog [*.....]
Gold:   108        SH:  0    Dex:  9    Spells: 3/3 levels left

rFire    . . .     SeeInvis .   a - +0 hand axe
rCold    . . .     Gourm    .   (no shield)
rNeg     + . .     Faith    .   b - +0 animal skin
rPois    ∞         Spirit   +   (no helmet)
rElec    +         Reflect  .   (no cloak)
rCorr    .         Harm     .   (no gloves)
MR       .....                  (no boots)
Stlth    ..........             n - amulet of guardian spirit
HPRegen  0.14/turn              (no ring)
MPRegen  0.09/turn              (no ring)

@: berserking, very quick
A: negative energy resistance 1, electricity resistance, unbreathing,
petrification resistance, rot immunity, AC +3
a: Berserk, Renounce Religion


You were on level 4 of the Dungeon.
You worshipped Trog.
Trog was aware of your devotion.
You were not hungry.

You visited 1 branch of the dungeon, and saw 4 of its levels.

You collected 108 gold pieces.

Inventory:

Hand Weapons
 a - a +0 hand axe (weapon)
Armour
 b - a +0 animal skin (worn)
Jewellery
 n - an amulet of guardian spirit (around neck)
Scrolls
 d - a scroll of identify
 e - 5 scrolls of teleportation
 j - a scroll of magic mapping {unknown}
 k - a scroll of noise {unknown}
 l - a scroll of fog {unknown}
 q - a scroll of remove curse
Potions
 f - a potion of brilliance {unknown}
 g - a potion of curing
 h - 2 potions of resistance {unknown}
 i - 2 potions of lignification {unknown}
 o - a potion of heal wounds {unknown}
 p - a potion of flight {unknown}
Comestibles
 c - 5 rations


   Skills:
 + Level 4.1 Fighting
 + Level 3.3 Axes
 + Level 3.2 Armour
 + Level 2.4 Dodging


You had 3 spell levels left.
You didn't know any spells.
Your spell library was empty.

Dungeon Overview and Level Annotations

Branches:
Dungeon (4/15)
 Temple: D:4-7

Altars:
Ashenzari
Kikubaaqudgha


Innate Abilities, Weirdness & Mutations

You are resistant to torment.
Your stone body is resilient. (AC +3)
You are immune to poison.
You resist negative energy. (rN+)
You are resistant to electric shocks. (rElec)
You can survive without breathing.
You are immune to petrification.
You are immune to rotting.


Message History

You are too injured to fight recklessly!
You are too injured to fight recklessly!
You're too hungry.
You hit the iguana.
The iguana is lightly wounded.
The iguana barely misses you. The iguana closely misses you.
You hit the iguana.
The iguana is moderately wounded.
The iguana closely misses you.
You hit the iguana.
The iguana is heavily wounded.
The iguana bites you!
* * * LOW HITPOINT WARNING * * *
You eat one of the 6 rations.
That ration really hit the spot!
The iguana bites you.
* * * LOW HITPOINT WARNING * * *
A red film seems to cover your vision as you go berserk!
You feel yourself moving faster!
You feel mighty!
You feel quite a bit more hungry. The iguana bites you!
You die...

##.###.#.###
...#.......#
.........?.#
###...(....#
#........#
#........# #
#........#
#.##.##(.......#
#....l@.########
##.....##
#!....# #..<...
#...... #.....##
#####.# #.#


You could see an iguana.

Vanquished Creatures
  6 adders
  A worm (D:2)
  3 dart slugs
  4 leopard geckos
  5 bats
  A giant cockroach (D:2)
  3 goblins (D:1)
  5 hobgoblins
  4 jackals (D:2)
  A ball python (D:2)
  4 frilled lizards
  2 kobolds
  4 rats
43 creatures vanquished.

Notes
Turn   | Place    | Note
-------+----------+-------------------------------------------
     0 | D:1      | Fang the Gargoyle Berserker began the quest for the Orb.
     0 | D:1      | Reached XP level 1. HP: 14/14 MP: 1/1
   276 | D:1      | Reached XP level 2. HP: 12/19 MP: 2/2
   986 | D:2      | Reached XP level 3. HP: 17/23 MP: 3/3
  1011 | D:2      | Found a shattered altar of Ashenzari.
  1361 | D:2      | Reached XP level 4. HP: 29/29 MP: 4/4
  1378 | D:2      | Reached ** piety under Trog
  1713 | D:2      | Reached skill level 4 in Fighting
  3187 | D:3      | Found an ancient bone altar of Kikubaaqudgha.
  3288 | D:4      | HP: 1/29 [iguana (6)]
  3289 | D:4      | Slain by an iguana

Skill      XL: |  1  2  3  4 |
---------------+-------------+-----
Axes           | 3 |  3.3
Dodging        | 2 |  2.4
Armour         | 3 |  3.2
Fighting       | 4 |  4.1

Action                   |  1- 3 |  4- 6 || total
-------------------------+-------+-------++-------
Melee: Hand axe          |   101 |   122 ||   223
Invok: Berserk           |       |     1 ||     1
  Use: Scroll            |       |     5 ||     5
  Eat: Chunk             |     1 |     5 ||     6
       Ration            |       |     1 ||     1
Armor: Animal skin       |    39 |    34 ||    73
Dodge: Dodged            |    83 |    85 ||   168
